 Dungeon Sprint DCSS version 0.21-a0-241-g2cbab09 (webtiles) character file.

294163 terra52 the Formicid Blade (level 14, 131/131 HPs)
             Began as a Formicid Fighter on Sept 4, 2017.
             Was a High Priest of the Shining One.
             Escaped with the Orb!
             The game lasted 00:39:50 (4918 turns).

terra52 the Formicid Blade (Formicid Fighter)       Turns: 4918, Time: 00:39:50

Health: 131/131    AC: 40    Str: 27    XL:     14   Next: 43%
Magic:  27/27      EV:  7    Int: 19    God:    the Shining One [*****.]
Gold:   2861       SH: 21    Dex: 13    Spells: 13/13 levels left

rFire    + . .     SeeInvis +   g - +6 eudemon blade (holy)
rCold    + . .     Gourm    .   v - +1 large shield
rNeg     + + +     Faith    .   y - +11 gold dragon scales "Xism" {rPois rF+ rC+ Str+2 Int+3 Dex-4 SInv}
rPois    +         Spirit   .   (helmet unavailable)
rElec    +         Reflect  .   f - +4 dragonskin cloak
rCorr    .         Harm     .   m - +1 pair of gloves "Eluamaro" {rElec}
MR       +....                  J - +0 pair of boots
Stlth    ..........             w - amulet of regeneration
HPRegen  0.71/turn              u - ring of the Republic {Str+4 Int+7 Dex+3 Slay-4}
MPRegen  0.20/turn              z - ring of flight

@: starving, glowing
A: permanent stasis, dig shafts and tunnels, four strong arms, antennae 3
0: Orb of Zot
a: Dig, Divine Shield, Cleansing Flame, Summon Divine Warrior, Renounce
Religion, Evoke Flight


You escaped.
You worshipped the Shining One.
The Shining One was extremely pleased with you.
You were starving.

You visited 1 branch You collected 5907 gold pieces.
You spent 3028 gold pieces at shops.
You donated 18 gold pieces to Zin.

Inventory:

Hand Weapons
 a - a +0 long sword
 g - a +6 eudemon blade of holy wrath (weapon)
 l - a +1 great sword of holy wrath
 o - the +0 falchion "Qocroarr" {slice, rElec Str-4 Int+10 Stlth+}
   (You found it in the Dungeon)

   It inflicts extra damage upon your enemies.
   It affects your strength (-4).
   It affects your intelligence (+10).
   It insulates you from electricity.
   It makes you more stealthy.
 q - a +0 blowgun
 s - a +0 mace
 A - a +1 great sword of flaming
Missiles
 r - 10 curare-tipped needles
Armour
 b - a +0 scale mail
 c - a +0 shield
 f - the +4 dragonskin cloak (worn)
   (You took it off Tiamat in the Dungeon)
 m - the +1 pair of gloves "Eluamaro" (worn) {rElec}
   (You found it in the Dungeon)

   It insulates you from electricity.
 v - a +1 large shield (worn)
 y - the +11 gold dragon scales "Xism" (worn) {rPois rF+ rC+ Str+2 Int+3 Dex-4 SInv}
   (You bought it in a shop in the Dungeon)

   It affects your strength (+2).
   It affects your intelligence (+3).
   It affects your dexterity (-4).
   It protects you from fire.
   It protects you from cold.
   It protects you from poison.
   It lets you see invisible.
 F - a scarf of cloud immunity
 J - a +0 pair of boots (worn)
Jewellery
 u - the ring of the Republic (left hand) {Str+4 Int+7 Dex+3 Slay-4}
   (You bought it in a shop in the Dungeon)

   [ring of strength]

   It affects your strength (+4).
   It affects your intelligence (+7).
   It affects your dexterity (+3).
   It affects your accuracy and damage with ranged weapons and melee attacks
   (-4).
 w - an amulet of regeneration (around neck)
 z - a ring of flight (right hand)
Scrolls
 k - 2 scrolls of blinking
 n - a scroll of fog
 B - 2 scrolls of fear
Potions
 d - a potion of mutation
 e - 2 potions of curing
 h - 2 potions of haste
 i - a potion of magic
 j - a potion of berserk rage
Books
 C - a book of Enchantments

   Spells                             Type                      Level
   a - Cause Fear                     Hexes                        4
   b - Yara's Violent Unravelling     Hexes/Transmutation          5
   c - Silence                        Hexes/Air                    5
   d - Deflect Missiles               Charms/Air                   6
   e - Discord                        Hexes                        8
 D - a book of Air

   Spells                             Type                      Level
   a - Shock                          Conjuration/Air              1
   b - Swiftness                      Charms/Air                   2
   c - Static Discharge               Conjuration/Air              3
   d - Airstrike                      Air                          4
   e - Lightning Bolt                 Conjuration/Air              5
Miscellaneous
 p - a phantom mirror
 E - a lamp of fire


   Skills:
 * Level 18.5 Fighting
 * Level 21.8 Long Blades
 + Level 13.3 Armour
 + Level 4.7 Dodging
 + Level 3.2 Stealth
 + Level 13.7 Shields
 * Level 18.8 Invocations


You had 13 spell levels left.
You didn't know any spells.

Dungeon Overview and Level Annotations

Branches:
Dungeon (1/1)

Altars:
Cheibriados
Dithmenos
Elyvilon
Fedhas
Gozag
Hepliaklqana
Kikubaaqudgha
Makhleb
Nemelex Xobeh
Okawaru
Qazlal
Ru
Sif Muna
Trog
Uskayaw
Vehumet
Wu Jian
Xom
Yredelemnul
Zin
The Shining One
Jiyva
Lugonu

Shops:
D *?[*%(*[!=::}***[[}[%}


Innate Abilities, Weirdness & Mutations

You cannot be hasted, slowed, berserked, paralysed or teleported.
You can dig through walls and to a lower floor.
Your four strong arms can wield two-handed weapons with a shield.
You have a pair of large antennae on your head. (SInv)


Message History

You see here 25 arrows.
You see here a spear.
Things that are here:
a dagger; a robe
There is an open door here.
There is an open door here.
You avoid triggering an arrow trap.
There is an arrow trap here.
There is an open door, spattered with blood here.
There is an open door here.
Things that are here:
a scythe; a robe
There is an open door here.
There is an open door, spattered with blood here.
You see here a giant spiked club.
There is an open door here.
Things that are here:
a club; a chain mail
There is a staircase leading out of the dungeon here.
You have escaped!

##################
#@.#..)..#.)'..#__
#..)..#..'..#..'^.
#..#####'#####'#__
#..####..#...#.###
#..#__####..##)#≈≈
#..#_____##'#_.'≈§
#⌠⌠#_.∩...'..._#§§
####_..__##_.#'##§
#_____###'#...§


There were no monsters in sight!

Vanquished Creatures
  A golden dragon (D)
  A deep elf master archer (D)
  A shadow dragon (D)
  4 fire giants (D)
  A deep elf annihilator (D)
  A lorocyproca (D)
  A mummy priest (D)
  2 centaur warriors (D)
  Sonja (D)
  7 unseen horrors (D)
  A deep troll (D)
  A lindwurm (D)
  8 shining eyes (D)
  2 oklob plants (D)
  2 merfolk sirens (D)
  2 gargoyles (D)
  2 kobold demonologists (D)
  4 demonic crawlers (D)
  A hellwing (D)
  A meliai (D)
  A hornet (D)
  A slime creature (D)
  Sigmund (D)
  2 redbacks (D)
  A yak (D)
  13 hogs (D)
  6 floating eyes (D)
  7 necrophages (D)
  An ogre (D)
  8 jellies (D)
  Ijyb (D)
  A ballistomycete (D)
87 creatures vanquished.

Vanquished Creatures (collateral kills)
  Lom Lobon (D)
  Tiamat (D)
  A daeva (D)
  A block of ice (D)
4 creatures vanquished.

Vanquished Creatures (others)
  the Lernaean hydra (D)
  A hydra (D)
  A red devil (D)
  4 hornets (D)
  A floating eye (D)
  11 ball lightnings (D)
  2 ballistomycete spores (D)
21 creatures vanquished.

Grand Total: 112 creatures vanquished

Notes
Turn   | Place    | Note
-------+----------+-------------------------------------------
     0 | D        | terra52 the Formicid Fighter began the quest for the Orb.
     0 | D        | Reached XP level 1. HP: 18/18 MP: 1/1
     1 | D        | Noticed Ijyb
     4 | D        | Killed Ijyb
     4 | D        | Reached skill level 5 in Shields
     4 | D        | Reached XP level 2. HP: 26/26 MP: 2/2
     4 | D        | Reached XP level 3. HP: 32/32 MP: 3/3
     8 | D        | Noticed an ogre
    13 | D        | Killed an ogre
    13 | D        | Reached skill level 3 in Long Blades
    13 | D        | Reached XP level 4. HP: 10/41 MP: 4/4
    13 | D        | Reached XP level 5. HP: 12/47 MP: 5/5
   245 | D        | Noticed Sigmund
   256 | D        | Killed Sigmund
   256 | D        | Reached skill level 4 in Long Blades
   256 | D        | Reached XP level 6. HP: 34/56 MP: 6/6
   378 | D        | Found a deep blue altar of Sif Muna.
   379 | D        | Found an ornate altar of the Wu Jian Council.
   382 | D        | Found a radiant altar of Vehumet.
   387 | D        | Reached skill level 5 in Long Blades
   473 | D        | Found Bihopith's Assorted Antiques.
   473 | D        | Found an ancient bone altar of Kikubaaqudgha.
   473 | D        | Found a hazy altar of Hepliaklqana.
   473 | D        | Found a stormy altar of Qazlal.
   473 | D        | Found a hide-covered altar of Uskayaw.
   473 | D        | Found a blossoming altar of Fedhas.
   473 | D        | Found a bloodstained altar of Trog.
   473 | D        | Found an iron altar of Okawaru.
   473 | D        | Found a basalt altar of Yredelemnul.
   473 | D        | Found a glowing golden altar of the Shining One.
   473 | D        | Found a snail-covered altar of Cheibriados.
   473 | D        | Found a sacrificial altar of Ru.
   473 | D        | Found a glowing silver altar of Zin.
   473 | D        | Found a shadowy altar of Dithmenos.
   473 | D        | Found a white marble altar of Elyvilon.
   473 | D        | Noticed a yak
   482 | D        | Killed a yak
   482 | D        | Reached skill level 6 in Long Blades
   482 | D        | Reached XP level 7. HP: 52/64 MP: 7/7
   483 | D        | Found an opulent altar of Gozag.
   484 | D        | Found a sparkling altar of Nemelex Xobeh.
   491 | D        | Became a worshipper of Zin the Law-Giver
   491 | D        | Reached * piety under Zin
   491 | D        | Reached ** piety under Zin
   491 | D        | Reached *** piety under Zin
   501 | D        | Reached **** piety under Zin
   501 | D        | Reached ***** piety under Zin
   503 | D        | Reached ****** piety under Zin
   541 | D        | Bought a runed great sword for 218 gold pieces
   558 | D        | Found Lamux's Armour Emporium.
   566 | D        | Noticed a redback
   571 | D        | Killed a redback
   571 | D        | Reached skill level 7 in Long Blades
   628 | D        | Noticed a redback
   637 | D        | Killed a redback
   637 | D        | Reached skill level 10 in Fighting
   637 | D        | Reached skill level 8 in Long Blades
   637 | D        | Reached skill level 1 in Stealth
   637 | D        | Reached XP level 8. HP: 32/73 MP: 7/10
   824 | D        | Noticed an unseen horror
   824 | D        | Noticed an unseen horror
   841 | D        | Killed an unseen horror
   841 | D        | Reached skill level 9 in Long Blades
   841 | D        | Reached skill level 10 in Armour
   841 | D        | Reached skill level 1 in Dodging
   845 | D        | Killed an unseen horror
   845 | D        | Reached skill level 10 in Long Blades
   845 | D        | Reached skill level 5 in Invocations
   845 | D        | Reached XP level 9. HP: 23/81 MP: 10/13
  1101 | D        | Reached skill level 11 in Long Blades
  1125 | D        | Reached skill level 10 in Shields
  1390 | D        | Reached skill level 12 in Long Blades
  1412 | D        | Found Wiagg's Armour Shoppe.
  1412 | D        | Found Ziyqos's Assorted Antiques.
  1412 | D        | Found Ledaff's Distillery.
  1414 | D        | Found Emid's Jewellery Emporium.
  1414 | D        | Found Omaegal's Book Shop.
  1414 | D        | Found Veiloatt's Book Shoppe.
  1414 | D        | Found Xuphouru's Gadget Boutique.
  1414 | D        | Found Medyumuj's General Store.
  1414 | D        | Found Zomacahergh's General Store.
  1414 | D        | Found Boloi's General Store.
  1417 | D        | Found Yhufrad's Antique Armour Boutique.
  1418 | D        | Found Weufuoje's Gadget Emporium.
  1418 | D        | Found Juigecul's Armour Boutique.
  1419 | D        | Found Orchofem's Food Emporium.
  1466 | D        | Found a burning altar of Makhleb.
  1466 | D        | Found a viscous altar of Jiyva.
  1466 | D        | Found a shimmering altar of Xom.
  1466 | D        | Found a corrupted altar of Lugonu.
  1466 | D        | Noticed a slime creature
  1473 | D        | Killed a slime creature
  1473 | D        | Reached XP level 10. HP: 89/89 MP: 13/15
  1481 | D        | Noticed Sonja
  1498 | D        | Killed Sonja
  1498 | D        | Reached skill level 13 in Long Blades
  1537 | D        | Found Pila Una's General Store.
  1548 | D        | Noticed a shining eye
  1548 | D        | Noticed a shining eye
  1548 | D        | Noticed a shining eye
  1548 | D        | Noticed a shining eye
  1548 | D        | Noticed a shining eye
  1548 | D        | Noticed a shining eye
  1553 | D        | Killed a shining eye
  1558 | D        | Killed a shining eye
  1558 | D        | Reached skill level 14 in Long Blades
  1562 | D        | Killed a shining eye
  1563 | D        | Killed a shining eye
  1566 | D        | Killed a shining eye
  1566 | D        | Reached skill level 15 in Long Blades
  1566 | D        | Reached XP level 11. HP: 65/97 MP: 16/18
  1570 | D        | Killed a shining eye
  1570 | D        | Reached skill level 10 in Invocations
  1573 | D        | Noticed a shining eye
  1573 | D        | Noticed a shining eye
  1582 | D        | Killed a shining eye
  1592 | D        | Killed a shining eye
  1597 | D        | Found Xuces's Food Shop.
  1597 | D        | Found Ibla's Magic Scroll Shoppe.
  1597 | D        | Found Isuanun's Antique Weapon Boutique.
  1597 | D        | Found Riuched's Antique Armour Emporium.
  1685 | D        | Fell from the grace of Zin
  1685 | D        | Became a worshipper of the Shining One
  1685 | D        | Reached * piety under the Shining One
  1685 | D        | Reached ** piety under the Shining One
  1685 | D        | Reached *** piety under the Shining One
  1685 | D        | Reached **** piety under the Shining One
  1902 | D        | Noticed a deep troll
  1907 | D        | Killed a deep troll
  1907 | D        | Reached skill level 16 in Long Blades
  1926 | D        | Noticed an oklob plant
  1932 | D        | Killed an oklob plant
  2021 | D        | Noticed a centaur warrior
  2021 | D        | Noticed a centaur warrior
  2024 | D        | Killed a centaur warrior
  2034 | D        | Killed a centaur warrior
  2034 | D        | Reached skill level 17 in Long Blades
  2040 | D        | Killed the 27-headed Lernaean hydra
  2068 | D        | Reached ***** piety under the Shining One
  2090 | D        | Reached ****** piety under the Shining One
  2104 | D        | Reached XP level 12. HP: 59/108 MP: 20/20
  2311 | D        | Reached skill level 18 in Long Blades
  2577 | D        | Noticed a lorocyproca
  2580 | D        | Reached skill level 15 in Fighting
  2673 | D        | Killed a lorocyproca
  2868 | D        | Noticed a daeva
  2884 | D        | Killed a daeva
  2884 | D        | Reached skill level 19 in Long Blades
  3156 | D        | Noticed an unseen horror
  3156 | D        | Noticed an unseen horror
  3156 | D        | Noticed an unseen horror
  3156 | D        | Noticed an unseen horror
  3156 | D        | Noticed an unseen horror
  3160 | D        | Killed an unseen horror
  3165 | D        | Killed an unseen horror
  3165 | D        | Killed a 12-headed hydra
  3170 | D        | Killed an unseen horror
  3176 | D        | Killed an unseen horror
  3181 | D        | Killed an unseen horror
  3258 | D        | Bought a translucent steel ring for 125 gold pieces
  3267 | D        | Bought encrusted gold dragon scales for 1700 gold pieces
  3277 | D        | Identified the +11 gold dragon scales "Xism" {rPois rF+ rC+ Str+2 Int+3 Dex-4 SInv} (You bought it in a shop in the Dungeon)
  3284 | D        | Bought an uncursed ring of flight for 227 gold pieces
  3288 | D        | Identified the ring of the Republic {Str+4 Int+7 Dex+3 Slay-4} (You bought it in a shop in the Dungeon)
  3377 | D        | Noticed a fire giant
  3396 | D        | Killed a fire giant
  3396 | D        | Reached skill level 20 in Long Blades
  3396 | D        | Reached XP level 13. HP: 95/117 MP: 22/22
  3425 | D        | Noticed a deep elf annihilator
  3482 | D        | Noticed a shadow dragon
  3500 | D        | Killed a shadow dragon
  3520 | D        | Noticed a golden dragon
  3549 | D        | Killed a golden dragon
  3619 | D        | Found Fuop's Gadget Shoppe.
  3650 | D        | Noticed a mummy priest
  3679 | D        | Killed a deep elf annihilator
  3690 | D        | Killed a mummy priest
  3690 | D        | Reached skill level 21 in Long Blades
  3756 | D        | Bought 3 scrolls of identify for 84 gold pieces
  3760 | D        | Bought a scroll of identify for 28 gold pieces
  3760 | D        | Bought a scroll of fear for 49 gold pieces
  3808 | D        | Bought a scroll of enchant weapon for 75 gold pieces
  3808 | D        | Bought a scroll of fog for 20 gold pieces
  3811 | D        | Bought a scroll of fear for 35 gold pieces
  3811 | D        | Bought a scroll of enchant armour for 75 gold pieces
  3819 | D        | Bought a scarf of cloud immunity for 70 gold pieces
  3849 | D        | Bought a potion of resistance for 140 gold pieces
  3849 | D        | Bought a potion of heal wounds for 70 gold pieces
  3849 | D        | Bought a potion of might for 56 gold pieces
  3849 | D        | Bought a potion of agility for 56 gold pieces
  3969 | D        | Got a warped dire flail {crush}
  3970 | D        | Identified the cursed +3 dire flail of Cheese {crush, +Rage rPois rN+ Str+2} (You took it off a merfolk siren in the Dungeon)
  4018 | D        | Noticed a fire giant
  4027 | D        | Killed a fire giant
  4045 | D        | Noticed a fire giant
  4129 | D        | Killed a fire giant
  4137 | D        | Noticed a fire giant
  4151 | D        | Killed a fire giant
  4173 | D        | Noticed Tiamat
  4220 | D        | Killed Tiamat
  4220 | D        | Reached XP level 14. HP: 60/130 MP: 12/26
  4289 | D        | Noticed a deep elf master archer
  4304 | D        | Killed a deep elf master archer
  4437 | D        | Noticed Lom Lobon
  4457 | D        | The Shining One protects you from harm!
  4479 | D        | Killed Lom Lobon
  4560 | D        | Got a pair of steaming gloves
  4566 | D        | Identified the +1 pair of gloves "Eluamaro" {rElec} (You found it in the Dungeon)
  4666 | D        | Got a crystal falchion
  4667 | D        | Identified the cursed +0 falchion "Qocroarr" {slice, rElec Str-4 Int+10 Stlth+} (You found it in the Dungeon)
  4851 | D        | Got the Orb of Zot
  4918 | D        | Escaped with the Orb!

Vault maps used:
D:        dungeon_sprint_1

Skill      XL: |  1  2  3  4  5  6  7  8  9 10 11 12 13 14 |
---------------+-------------------------------------------+-----
Fighting       | 4 6 8 9 10 11 12 14 16 18 | 18.5
Armour         | 4 6 8 9 10 11 13 | 13.3
Shields        | 5 6 8 9 10 11 13 | 13.7
Long Blades    | 3 4 6 8 10 12 15 17 20 21 | 21.8
Invocations    | 3 5 7 9 11 12 16 18 | 18.8
Stealth        | 1 2 3 |  3.2
Dodging        | 2 3 4 |  4.7

Action                   |  1- 3 |  4- 6 |  7- 9 | 10-12 | 13-15 || total
-------------------------+-------+-------+-------+-------+-------++-------
Melee: Long sword        |     6 |    23 |       |       |       ||    29
       Great sword       |       |       |    65 |   198 |    73 ||   336
       Eudemon blade     |       |       |       |       |    36 ||    36
Invok: Vitalisation      |       |       |     6 |     2 |       ||     8
       Recite            |       |       |     2 |     2 |       ||     4
       Divine Shield     |       |       |       |     4 |     6 ||    10
       Summon Divine War |       |       |       |     1 |    11 ||    12
       Cleansing Flame   |       |       |       |       |     6 ||     6
 Abil: Dig               |       |       |     3 |     5 |     6 ||    14
       Evoke Flight      |       |       |       |       |     2 ||     2
  Use: Potion            |     1 |       |       |     1 |    10 ||    12
       Scroll            |       |       |       |       |    10 ||    10
  Eat: Bread ration      |       |       |     1 |       |     1 ||     2
       Chunk             |       |       |       |     2 |       ||     2
       Meat ration       |       |       |       |     1 |       ||     1
Armor: Scale mail        |     1 |     2 |    15 |    26 |       ||    44
       Gold dragon scale |       |       |       |     1 |    45 ||    46
Dodge: Dodged            |       |     5 |    14 |    50 |    10 ||    79
Block: Shield            |     1 |     7 |    33 |    93 |    13 ||   147
       Large shield      |       |       |       |       |    51 ||    51
       Rpst.: Long sword |       |     2 |       |       |       ||     2
       Great sword       |       |       |     6 |    13 |       ||    19

Table legend:
 A = Spawn XP
 B = Non-spawn XP
 C = Spawn XP percentage of total XP
 D = Spawn monster count
 E = Non-spawn monster count
 F = Spawn count percentage of total count
 G = Total turns spent on level
                    A         B        C        D         E        F      G
               +---------+---------+-------+---------+---------+-------+---------
         Total |       0 |   57376 |   0.0 |       0 |      89 |   0.0 |  4918
               +---------+---------+-------+---------+---------+-------+---------
             D |       0 |   57376 |   0.0 |       0 |      89 |   0.0 |  4918
               +---------+---------+-------+---------+---------+-------+---------
